 Dungeon Crawl Stone Soup version 0.31.0-32-g396128a36d (webtiles) character file.

Game seed: 14023972087508172519

5429 Curundu the Cleaver (level 10, -10/92 HPs)
             Began as a Minotaur Berserker on Mar 27, 2024.
             Was an Elder of Trog.
             Mangled by a yak (12 damage)
             ... on level 9 of the Dungeon.
             The game lasted 00:19:58 (7286 turns).

Curundu the Cleaver (Minotaur Berserker)            Turns: 7286, Time: 00:19:59

Health: -10/92     AC: 17    Str: 25    XL:     10   Next: 40%
Magic:  9/9        EV: 13    Int:  4    God:    Trog [****..]
Gold:   358        SH:  5    Dex: 11    Spells: 9/9 levels left

rFire   . . .        k - +0 war axe
rCold   . . .        C - +0 buckler
rNeg    . . .        D - +0 plate armour
rPois   .            (helmet restricted)
rElec   .            b - +0 cloak
rCorr   .            x - +0 pair of gloves
SInv    +            B - +0 pair of boots
Will    .....        p - amulet of the acrobat Stlth
                     w - +5 ring of evasion
HPRegen 0.35/turn    u - ring of see invisible
MPRegen 0.11/turn

%: acrobat
@: on berserk cooldown, slowed, very slow
A: horns 2, retaliatory headbutt
a: Renounce Religion, Berserk, Trog's Hand, Brothers in Arms


You were on level 9 of the Dungeon.
You worshipped Trog.
Trog was greatly pleased with you.
You visited 1 branch of the dungeon, and saw 9 of its levels.

You collected 358 gold pieces.

Inventory:

Hand Weapons
 k - a +0 war axe (weapon)
Missiles
 d - 7 boomerangs (quivered)
Armour
 b - a +0 cloak (worn)
 x - a +0 pair of gloves (worn)
 B - a +0 pair of boots (worn)
 C - a +0 buckler (worn)
 D - a +0 plate armour (worn)
Jewellery
 a - a ring of positive energy
 e - a ring of flight
 p - an amulet of the acrobat (around neck)
 u - a ring of see invisible (right hand)
 w - a +5 ring of evasion (left hand)
Wands
 v - a wand of digging (7)
 y - a wand of flame (23)
 F - a wand of roots (9)
 H - a wand of polymorph (9)
Scrolls
 c - a scroll of poison {unknown}
 f - a scroll of revelation
 g - a scroll of enchant armour {unknown}
 h - a scroll of torment
 i - a scroll of identify
 l - 3 scrolls of teleportation {unknown}
 m - 2 scrolls of vulnerability {unknown}
 n - 4 scrolls of noise {unknown}
 o - 2 scrolls of fog {unknown}
 q - a scroll of blinking {unknown}
 s - a scroll of immolation {unknown}
 A - 2 scrolls of enchant weapon {unknown}
 E - a scroll of amnesia {unknown}
Potions
 r - 3 potions of curing
 t - 2 potions of berserk rage
 z - 3 potions of lignification
 G - a potion of invisibility {unknown}


   Skills:
 * Level 9.6 Fighting
 + Level 12.3 Axes
 + Level 8.2 Armour
 + Level 5.3 Dodging
 - Level 1.5 Stealth
 * Level 5.3 Shields
 + Level 0.5 Unarmed Combat


You had 9 spell levels left.
You didn't know any spells.
Your spell library was empty.

Dungeon Overview and Level Annotations

Branches:
Dungeon (9/15)             Temple (0/1) D:5
   Lair: D:8-11         Orc: D:9-12

Altars:
Cheibriados
Dithmenos
Vehumet
Zin
The Shining One


Innate Abilities, Weirdness & Mutations

You have a pair of horns on your head.
You reflexively headbutt those who attack you in melee.


Message History

The bullfrog completely misses you. You furiously retaliate!
You headbutt the bullfrog!
You kill the bullfrog!
Trog accepts your kill. The wyvern closely misses you.
You completely miss the yak.
The yak is lightly wounded.
You hit the wyvern. You slash the yak!
You kill the yak!
Trog accepts your kill.
You hit the yak. You barely miss the bullfrog.
You hit the wraith but do no damage. You block the bullfrog's attack.
The wyvern completely misses you. The bullfrog barely misses you.
The orc warrior hits you from afar with a +0 trident.
* * * LOW HITPOINT WARNING * * *
The yak closely misses you. The wraith barely misses you.
You furiously retaliate!
You headbutt the wraith! The wyvern barely misses you. The bullfrog hits you.
* * * LOW HITPOINT WARNING * * *
You slash the yak!
The yak is heavily wounded.
You slash the yak! You slash the bullfrog!
You kill the bullfrog!
Trog accepts your kill.
You hit the wraith. You slash the wyvern!
You kill the wyvern!
Trog accepts your kill.
You closely miss the kobold. The unseen horror misses you.
The unseen horror barely misses you. You furiously retaliate!
You headbutt the unseen horror! The wraith hits you but does no damage.
You block the yak's attack.
The orc warrior hits you but does no damage.
The yak gores you but does no damage. You block the kobold's attack.
The kobold barely misses you. The yak gores you but does no damage.
The wraith hits you.
* * * LOW HITPOINT WARNING * * *
The wraith drains your vigour!
You feel as though you will be slow longer.
The yak gores you!
You die...

... ...
...
######.#
...K#K#
#..Y# #Y##
###YY#####
#?W@Y....#
#xKK)....#
#..)o....#
###.)#####
FKyY..).#
.WK####.#
. #.. ##.#
.#


You could see 5 yaks, an unseen horror (invisible), a wraith, an orc warrior and
3 kobolds.

Vanquished Creatures
  A two-headed ogre (D:9)
  Psyche (D:8)
  2 trolls (D:9)
  2 wyverns (D:9)
  4 yaks (D:9)
  Menkaure (D:5)
  A water moccasin (D:6)
  3 orc warriors
  2 sky beasts (D:7)
  2 black bears
  An ice beast (D:8)
  2 ogres (D:5)
  4 centaurs
  2 phantoms
  3 kobold brigands
  5 bullfrogs
  A scorpion (D:7)
  9 wights
  A killer bee (D:9)
  A hound (D:7)
  A bombardier beetle (D:4)
  2 jellies
  A gnoll bouda (D:7)
  5 orc priests
  Jessica (D:3)
  2 sleepcaps
  4 iguanas
  10 orc wizards
  4 gnolls (D:7)
  6 adders
  2 white imps
  5 dart slugs
  A ribbon worm (D:2)
  30 orcs
  12 ball pythons
  5 endoplasms
  7 giant cockroaches
  4 goblins
  7 hobgoblins
  7 jackals
  3 quokkas
  5 bats
  6 frilled lizards
  19 kobolds
  4 rats
201 creatures vanquished.

Notes
Turn   | Place    | Note
-------+----------+-------------------------------------------
     0 | D:1      | Curundu the Minotaur Berserker began the quest for the Orb.
     0 | D:1      | Reached XP level 1. HP: 19/19 MP: 0/0
   151 | D:1      | Reached XP level 2. HP: 27/27 MP: 1/1
   285 | D:1      | Reached skill level 4 in Axes
   543 | D:1      | Reached XP level 3. HP: 34/34 MP: 2/2
   997 | D:2      | Found a faded altar of an unknown god.
  1039 | D:2      | Reached ** piety under Trog
  1087 | D:2      | Reached XP level 4. HP: 41/41 MP: 3/3
  1157 | D:2      | Found a glowing golden altar of the Shining One.
  1405 | D:2      | Identified the +1 robe of the Beginning {+Blink rElec rC+
                  | Int-4}
  1558 | D:3      | Noticed Jessica
  1565 | D:3      | Killed Jessica
  1611 | D:3      | Identified the +5 dagger "Kedon" {drain, Str+5 Dex-5}
  1623 | D:3      | Found a radiant altar of Vehumet.
  1804 | D:3      | Reached skill level 5 in Axes
  1937 | D:3      | Reached *** piety under Trog
  1991 | D:3      | You fall into a shaft and drop 1 floor!
  2011 | D:4      | Noticed a phantom
  2013 | D:4      | Reached XP level 5. HP: 35/47 MP: 4/4
  2021 | D:4      | Killed a phantom
  2022 | D:4      | Reached skill level 5 in Fighting
  2022 | D:4      | Reached skill level 6 in Axes
  2022 | D:4      | Reached XP level 6. HP: 33/56 MP: 5/5
  2933 | D:4      | Reached skill level 7 in Axes
  3051 | D:4      | Reached XP level 7. HP: 25/53 MP: 6/6
  3739 | D:5      | Entered Level 5 of the Dungeon
  3782 | D:5      | Noticed Menkaure
  3789 | D:5      | Killed Menkaure
  3790 | D:5      | Reached skill level 8 in Axes
  3824 | D:5      | Found a staircase to the Ecumenical Temple.
  4164 | D:5      | Reached skill level 1 in Stealth
  4217 | D:5      | Reached XP level 8. HP: 59/70 MP: 7/7
  4574 | D:5      | Noticed an angel
  4575 | D:5      | Found a glowing silver altar of Zin.
  4689 | D:6      | Reached skill level 9 in Axes
  4689 | D:6      | Reached skill level 5 in Armour
  4736 | D:6      | Found a snail-covered altar of Cheibriados.
  5322 | D:6      | Reached skill level 10 in Axes
  5488 | D:7      | Reached skill level 5 in Dodging
  5491 | D:7      | Reached skill level 1 in Shields
  5581 | D:7      | Found a shadowy altar of Dithmenos.
  5592 | D:7      | Reached XP level 9. HP: 79/79 MP: 8/8
  6608 | D:8      | Reached **** piety under Trog
  6661 | D:8      | Reached skill level 11 in Axes
  6661 | D:8      | Noticed Psyche
  6684 | D:8      | Killed Psyche
  7249 | D:9      | Noticed a two-headed ogre
  7253 | D:9      | Noticed a troll
  7258 | D:9      | Killed a two-headed ogre
  7259 | D:9      | Reached XP level 10. HP: 90/90 MP: 9/9
  7278 | D:9      | Reached skill level 12 in Axes
  7280 | D:9      | Reached skill level 5 in Shields
  7285 | D:9      | HP: 4/91 [bullfrog (6)]
  7286 | D:9      | Mangled by a yak

Illustrated notes

Levels and vault maps discovered:
D:1:      scummos_arrival_gate, layout_basic
D:2:      minmay_chambers_of_ones, layout_basic,
          hellmonk_ecumenical_altar_arch_garden, basic_altar
D:3:      layout_rooms, fiery_altar_vehumet, serial_corexii_hall,
          corexii_hall_statues_x, corexii_hall_statues_x,
          chequers_hall_statues_y, chequers_mini_garden, uniq_jessica
D:4:      layout_layer_cave
D:5:      layout_basic, zin_angel, minmay_temple_entry_offerings,
          kennysheep_generic_room_6, uniq_menkaure
D:6:      wander_river, layout_gridville, cheibriados_altar_1,
          nicolae_nh_ransacked_shop
D:7:      layout_basic, nicolae_dithmenos_through_a_glass_darkly,
          kennysheep_generic_room_8
D:8:      layout_loops_ring, feat_on_display, uniq_psyche
D:9:      layout_rooms, xom_confusion_cloud, uniq_grum

Skill      XL: |  1  2  3  4  5  6  7  8  9 10 |
---------------+-------------------------------+-----
Fighting       | 4 5 6 7 8 9 |  9.6
Axes           | 4 5 6 7 8 10 11 12 | 12.3
Armour         | 3 4 6 7 8 |  8.2
Dodging        | 3 4 5 |  5.3
Stealth        | 1 |  1.5
Shields        | 1 4 5 |  5.3
Unarmed Combat | |  0.5

Action                     |  1- 3 |  4- 6 |  7- 9 | 10-12 || total
---------------------------+-------+-------+-------+-------++-------
  Melee: Hand axe          |    45 |       |       |       ||    45
         Headbutt          |     9 |    11 |    47 |     4 ||    71
         War axe           |    13 |   117 |   216 |    18 ||   364
         Punch             |       |     1 |       |       ||     1
         Unarmed           |       |       |     4 |       ||     4
 Invoke: Trog's Hand       |       |     4 |     8 |       ||    12
         Berserk           |       |       |     4 |       ||     4
    Use: Scroll            |       |       |     8 |       ||     8
         Potion            |       |       |       |     3 ||     3
   Stab: Confused          |       |       |     1 |       ||     1
 Armour: Animal skin       |     5 |       |       |       ||     5
         Ring mail         |    41 |    84 |    87 |       ||   212
         Plate armour      |       |       |    84 |    73 ||   157
  Dodge: Dodged            |    65 |    95 |   177 |    94 ||   431
  Block: Buckler           |       |       |    22 |    23 ||    45
